 Dungeon Crawl Stone Soup version 0.24.0-1-gfbc8707122 (webtiles) character file.

Game seed: 7298685144436621163, levelgen mode: deterministic

50 Mrkan the Chopper (level 3, 0/33 HPs)
             Began as a Hill Orc Fighter on Oct 26, 2019.
             Was a Plaything of Xom.
             Slain by a centaur (6 damage)
             ... on level 3 of the Dungeon.
             The game lasted 00:02:40 (1590 turns).

Mrkan the Chopper (Hill Orc Fighter)                Turns: 1590, Time: 00:02:41

Health: 0/33       AC:  6    Str: 19    XL:     3   Next: 79%
Magic:  3/3        EV:  7    Int:  8    God:    Xom [..*...]
Gold:   85         SH:  9    Dex: 10    Spells: 2/2 levels left

rFire    . . .     SeeInvis .   a - +0 war axe
rCold    . . .     Gourm    .   c - +0 shield
rNeg     . . .     Faith    .   b - +0 scale mail
rPois    .         Spirit   .   (no helmet)
rElec    .         Reflect  .   (no cloak)
rCorr    .         Harm     .   (no gloves)
MR       .....                  (no boots)
Stlth    ..........             k - amulet of rage
HPRegen  0.11/turn              (no ring)
MPRegen  0.08/turn              (no ring)

@: no status effects
A: no striking features
a: Renounce Religion, Evoke Berserk Rage


You were on level 3 of the Dungeon.
You worshipped Xom.
You were a toy of Xom.
You were not hungry.

You visited 1 branch of the dungeon, and saw 3 of its levels.

You collected 85 gold pieces.

Inventory:

Hand Weapons
 a - a +0 war axe (weapon)
Armour
 b - a +0 scale mail (worn)
 c - a +0 shield (worn)
Jewellery
 k - an amulet of rage (around neck)
Scrolls
 e - a scroll of remove curse {unknown}
 g - 5 scrolls of identify {unknown}
 i - 3 scrolls of amnesia {unknown}
 j - 4 scrolls of teleportation {unknown}
 l - 3 scrolls of enchant armour {unknown}
 m - 2 scrolls of fog {unknown}
 n - a scroll of blinking {unknown}
Potions
 d - 2 potions of might
 h - a potion of degeneration {unknown}
Comestibles
 f - 4 rations
 o - 3 chunks of flesh


   Skills:
 + Level 4.2 Fighting
 * Level 4.2 Axes
 - Level 3.2 Armour
 + Level 3.8 Shields


You had 2 spell levels left.
You didn't know any spells.
Your spell library was empty.

Dungeon Overview and Level Annotations

Branches:
Dungeon (3/15)

Altars:
Ashenzari
Trog
Xom


Message History

The centaur unwields a +0 shortbow.
The centaur hits you but does no damage.
The centaur hits you.
You barely miss the centaur. You block the centaur's attack.
The centaur hits you.
You hit the centaur.
The centaur is moderately wounded.
The centaur hits you!
* * * LOW HITPOINT WARNING * * *
You block the centaur's attack.
You hit the centaur.
The centaur is moderately wounded.
The centaur hits you.
* * * LOW HITPOINT WARNING * * *
The centaur hits you but does no damage.
You slash the centaur!
The centaur is severely wounded.
You block the centaur's attack. The centaur hits you.
You die...
Xom bursts into laughter!

....%. ###.....$
####.....$#
###.....#..#
......<...#
#.##.....####. .##
##.(((.# .....
....###..#...##.....#
#......#.#.@.w.#
####..##....c#.....
#########.##..###.#
.>. ...##.....##..#
.# # ..............#
.# ............#.# .#
............# .#
............# .#
............#


You could see a centaur and a worm.

Vanquished Creatures
  3 worms (D:2)
  4 dart slugs
  2 giant cockroaches
  4 goblins
  5 hobgoblins
  2 jackals (D:1)
  A quokka (D:2)
  3 bats
  A frilled lizard (D:3)
  2 kobolds (D:2)
  7 rats
34 creatures vanquished.

Notes
Turn   | Place    | Note
-------+----------+-------------------------------------------
     0 | D:1      | Mrkan the Hill Orc Fighter began the quest for the Orb.
     0 | D:1      | Reached XP level 1. HP: 19/19 MP: 1/1
    39 | D:1      | Found a shattered altar of Ashenzari.
    89 | D:1      | Reached XP level 2. HP: 22/27 MP: 2/2
   817 | D:2      | Reached XP level 3. HP: 33/33 MP: 3/3
   941 | D:2      | Found a faded altar of an unknown god.
  1314 | D:2      | Noticed a moth of wrath
  1317 | D:2      | Found a bloodstained altar of Trog.
  1434 | D:2      | Became a worshipper of Xom of Chaos
  1582 | D:3      | Noticed a centaur
  1590 | D:3      | Slain by a centaur

Levels and vault maps discovered:
D:1:      dpeg_arrival_fog, layout_basic, evilmike_ruin_ashenzari
D:2:      layout_loops_cross, chequers_ecumenical_altar_island,
          minmay_misc_feat_enclosed, tgw_trog
D:3:      layout_rooms, overflow_temple_1_default, led_sif_pool, serial_undead,
          serial_undead_f, serial_undead_e, serial_undead_f, serial_undead_f,
          first_ration

Skill      XL: |  1  2  3 |
---------------+----------+-----
Axes           | 3 4 |  4.2
Fighting       | 4 |  4.2
Armour         | |  3.2
Shields        | |  3.8

Action                   || total
-------------------------++-------
Melee: War axe           ||    86
  Eat: Chunk             ||     2
Armor: Scale mail        ||    37
Dodge: Dodged            ||    26
Block: Shield            ||    59
